AoeStats
← keeperoftheden

Arena

507941095Analyzed
2v2 RM · 11d ago on Sep 20, 2026· 46m 24s· 4 players
Game mode
Random Map
Map size
Medium (4 player)
Population
200
Speed
Normal
Resources
Standard
Victory
Conquest
Starting age
Dark Age
Ending age
Imperial Age
RankedLock teamsTeams togetherTeam positionsShared explorationLock speedFull tech treeHidden civsTurbo modeCheats
Victory
Defeat
🇦🇺 Malians · Australia
1054
+14
🇦🇺 Spanish · Australia
928
+18
🇲🇲 Cumans · Myanmar (Burma)
1039
-18
🇺🇸 Chinese · United States
948
-38
keeperoftheden
5:37 Loom
8:26 Loom
10:34 Feudal Age
11:30 Horse Collar
11:57 Double-Bit Axe
18:09 Castle Age
16:35 Gold Mining
20:20 Gold Shaft Mining
19:59 Bow Saw
20:49 Stone Mining
22:41 Heavy Plow
23:49 Wheelbarrow
24:49 Pikeman
25:31 Squires
25:44 Scale Mail Armor
25:55 Forging
29:02 Imperial Age
26:49 Fletching
29:44 Chain Mail Armor
30:05 Iron Casting
29:59 Caravan
30:25 Bodkin Arrow
31:44 Conscription
31:38 Man-at-Arms
33:12 Stone Shaft Mining
34:08 Ballistics
34:49 Chemistry
35:02 Crop Rotation
35:01 Masonry
34:18 Long Swordsman
36:09 Plate Mail Armor
36:01 Town Watch
37:59 Hand Cart
37:46 Town Patrol
37:12 Elite Gbeto
39:17 Farimba
40:37 Architecture
41:01 Two-Handed Swordsman
42:55 Bloodlines
42:46 Husbandry
42:09 Cavalier
42:39 Champion
45:29 Light Cavalry
e_robbo
0:48 Loom
11:33 Feudal Age
17:19 Castle Age
15:52 Horse Collar
18:50 Wheelbarrow
18:03 Double-Bit Axe
17:54 Pikeman
21:04 Bow Saw
20:46 Man-at-Arms
21:57 Fervor
23:45 Forging
24:06 Squires
25:54 Husbandry
26:06 Bloodlines
26:15 Scale Mail Armor
28:08 Long Swordsman
29:14 Heavy Plow
29:16 Stone Mining
31:43 Ballistics
33:11 Fletching
34:09 Inquisition
36:08 Arson
36:43 Murder Holes
37:58 Bodkin Arrow
38:05 Padded Archer Armor
39:06 Thumb Ring
38:25 Elite Skirmisher
40:03 Leather Archer Armor
43:05 Imperial Age
40:39 Gold Mining
43:10 Elite Conquistador
44:12 Conscription
45:56 Bracer
46:27 Ring Archer Armor
Superlative Smegma Savant
12:18 Feudal Age
12:50 Loom
13:01 Horse Collar
13:08 Double-Bit Axe
22:03 Castle Age
20:20 Forging
24:10 Bow Saw
24:04 Gold Mining
26:35 Ballistics
30:17 Murder Holes
30:46 Masonry
30:47 Thumb Ring
35:18 Imperial Age
33:26 Guard Tower
37:56 Chemistry
36:59 Elite Skirmisher
40:53 Fletching
41:04 Padded Archer Armor
41:45 Crossbowman
hactor
11:06 Feudal Age
12:42 Double-Bit Axe
14:31 Horse Collar
16:01 Loom
17:16 Wheelbarrow
19:29 Castle Age
17:46 Bloodlines
17:49 Gold Mining
18:04 Town Watch
18:41 Stone Mining
18:50 Fletching
21:31 Bow Saw
23:06 Scale Barding Armor
24:07 Gold Shaft Mining
24:21 Hand Cart
24:30 Heavy Plow
27:59 Murder Holes
30:44 Imperial Age
29:06 Ballistics
28:59 Bodkin Arrow
29:10 Town Patrol
30:09 Padded Archer Armor
31:07 Capped Ram
32:13 Conscription
33:16 Chemistry
32:03 Siege Ram
34:07 Elite Kipchak
35:07 Light Cavalry
36:14 Hussar
37:31 Chain Barding Armor
37:26 Leather Archer Armor
Connection lost

Rejoining the realm…

Still unreachable

The connection could not be restored.

Session expired

The server has moved on; the page needs a fresh start.